 Dungeon Crawl Stone Soup version 0.30-a0-721-ga6a225cb13 (webtiles) character file.

Game seed: 8182736166360572057

6849 Bnni the Skirmisher (level 11, -6/89 HPs)
             Began as a Formicid Hunter on Jan 27, 2023.
             Was a High Priest of Okawaru.
             Mangled by a vampire (9 damage)
             ... on level 9 of the Dungeon.
             The game lasted 00:12:49 (9099 turns).

Bnni the Skirmisher (Formicid Hunter)               Turns: 9099, Time: 00:12:50

Health: -6/89      AC: 15    Str: 17    XL:     11   Next: 26%
Magic:  17/17      EV: 11    Int: 11    God:    Okawaru [*****.]
Gold:   227        SH:  0    Dex: 31    Spells: 10/10 levels left

rFire   + . .      SeeInvis +    p - +5 sling of Descent {flame, Dex+2}
rCold   . . .      Faith    .    i - +0 buckler {AC+3}
rNeg    . . .      Spirit   .    t - +1 swamp dragon scales
rPois   +          Reflect  .    (helmet unavailable)
rElec   .          Harm     .    (no cloak)
rCorr   +          Rampage  .    I - +0 pair of gloves
Will    +....                    H - +0 pair of boots of Perpetual Drought {rF+ rCorr Int+3 Dex+2}
Stlth   +                        m - amulet of the acrobat
HPRegen 0.34/turn                G - +6 ring of dexterity
MPRegen 0.15/turn                C - ring of poison resistance

@: confused
A: permanent stasis, dig shafts and tunnels, antennae 3, four strong arms
a: Dig, Shaft Self, Renounce Religion, Heroism, Finesse, Duel


You were on level 9 of the Dungeon.
You worshipped Okawaru.
Okawaru was extremely pleased with you.
You visited 2 branches of the dungeon, and saw 11 of its levels.
You also visited: Sewer.

You collected 606 gold pieces.
You spent 379 gold pieces at shops.

Inventory:

Hand Weapons
 p - the +5 sling of Descent (weapon) {flame, Dex+2}
   (You took it off a hobgoblin on level 3 of the Dungeon)

   Dex:       It affects your dexterity (+2).
Missiles
 x - 4 curare-tipped darts
Armour
 i - a +0 buckler of protection (worn)
 t - +1 swamp dragon scales (worn)
 H - the +0 pair of boots of Perpetual Drought (worn) {rF+ rCorr Int+3 Dex+2}
   (You bought it in a shop on level 7 of the Dungeon)

   Int:       It affects your intelligence (+3).
   Dex:       It affects your dexterity (+2).
   rF:        It protects you from fire.
   rCorr:     It protects you from acid and corrosion.
 I - a +0 pair of gloves (worn)
 J - an orb of wrath
Jewellery
 m - an amulet of the acrobat (around neck)
 r - the ring "Igeof" {Ice Str+5 Dex+2}
   (You found it on level 9 of the Dungeon)

   [ring of ice]

   It enhances your ice magic.
   Str:       It affects your strength (+5).
   Dex:       It affects your dexterity (+2).
   rF:        It makes you vulnerable to fire.
   rC:        It protects you from cold.
 C - a ring of poison resistance (right hand)
 G - a +6 ring of dexterity (left hand)
Wands
 s - a wand of roots (22)
Scrolls
 a - 3 scrolls of fog
 b - 3 scrolls of immolation
 c - a scroll of magic mapping
 d - a scroll of silence
 f - 2 scrolls of fear
 h - 3 scrolls of blinking {unknown}
 j - 4 scrolls of poison {unknown}
 n - 3 scrolls of vulnerability
 o - 2 scrolls of enchant weapon
 q - 3 scrolls of amnesia
 y - 7 scrolls of teleportation {unknown}
 E - a scroll of brand weapon
 F - a scroll of summoning
 L - a scroll of torment {unknown}
Potions
 e - a potion of flight {unknown}
 g - a potion of lignification {unknown}
 k - a potion of brilliance {unknown}
 l - 3 potions of invisibility
 u - 2 potions of heal wounds
 v - 4 potions of curing
 w - a potion of experience {unknown}
 z - 2 potions of magic
 A - 2 potions of cancellation {unknown}
 B - a potion of mutation {unknown}
 D - a potion of resistance {unknown}
 K - a potion of attraction {unknown}


   Skills:
 + Level 9.3 Fighting
 * Level 12.2 Ranged Weapons
 - Level 5.0 Armour
 - Level 1.7 Dodging
 + Level 1.8 Stealth
 + Level 8.4 Invocations


You had 10 spell levels left.
You didn't know any spells.
Your spell library contained the following spells:

 Spells                   Type           Power      Damage    Failure   Level
 Freeze                   Ice            0%         1d3       61%         1
 Frozen Ramparts          Ice            0%         1d1       93%         3
 Hailstorm                Conj/Ice       0%         3d3       93%         3
 Ignite Poison            Fire/Tmut/Pois 0%         N/A       93%         3
 Ice Form                 Ice/Tmut       0%         N/A       100%        4
 Sticky Flame             Conj/Fire      0%         2d3       100%        4
 Ignition                 Fire           0%         3d3       100%        8
 Chain Lightning          Conj/Air       0%         N/A       100%        9
 Fire Storm               Conj/Fire      0%         5d1       100%        9
 Shatter                  Erth           0%         3d5*      100%        9
 Summon Ice Beast         Ice/Summ       Unusable   N/A       N/A         4

Dungeon Overview and Level Annotations

Branches:
Dungeon (10/15)            Temple (1/1) D:4            Lair (0/5) D:9
  Sewer (visited)
    Orc: D:9-12

Altars:
Ashenzari
Cheibriados
Dithmenos
Elyvilon
Fedhas
Gozag
Hepliaklqana
Kikubaaqudgha
Makhleb
Nemelex Xobeh
Okawaru
Qazlal
Ru
Sif Muna
Uskayaw
Vehumet
Wu Jian
Xom
Yredelemnul
Zin
The Shining One

Shops:
D:3 *   D:7 [


Innate Abilities, Weirdness & Mutations

You cannot be hasted, slowed, berserked, paralysed or teleported.
You can dig through walls and to a lower floor.
You have a pair of large antennae on your head. (SInv)
Your four strong arms can wield two-handed weapons with a shield.


Message History

The sling bullet burns the killer bee.
You kill the killer bee!
Okawaru accepts your kill.
You feel sick.
You are no longer poisoned.
You block the vampire's attack.
The vampire bites you but does no damage.
You shoot a sling bullet.
The sling bullet hits the vampire but does no damage.
The vampire is moderately damaged.
The vampire hits you. The vampire closely misses you.
You shoot a sling bullet.
The sling bullet barely misses the vampire.
The sling bullet hits the killer bee!
The sling bullet burns the killer bee.
You kill the killer bee!
Okawaru accepts your kill. The vampire closely misses you.
The vampire bites you.
The vampire draws strength from your injuries!
You shoot a sling bullet. The sling bullet hits the vampire.
The sling bullet burns the vampire.
The vampire is heavily damaged.
The vampire hits you.
* * * LOW HITPOINT WARNING * * *
The vampire barely misses you.
You shoot a sling bullet.
The sling bullet closely misses the vampire.
The vampire hits you but does no damage.
You block the vampire's attack.
You shoot a sling bullet. The sling bullet hits the vampire.
The sling bullet burns the vampire.
The vampire is severely damaged.
The vampire gestures at you while chanting.
You are confused.
You bump into the rock wall.
The vampire draws life force from you!
* * * LOW HITPOINT WARNING * * *
The vampire is healed by the life force!
You shoot a sling bullet. The vampire hits you!
* * * LOW HITPOINT WARNING * * *
The vampire bites you!
You die...

#..#...# ####..# #...
##.###.# ##.# #### P..#
#.# #.# ##### ..≈###'###
#.# #.... P..#.....#
#.#########....
##.#.....#
#.##......'....
#..#.....#
#..#.######....
..#......###########...#
#....
.........'....†V@†...###
#....
.........###########.#
#.... #........# #)###
######## #.#'######
#)#8###8###⌠## ..#..##
#..........##. ####..#
#..........###
..###.#####
#####[#######..###
....#))...# #.......#
#...8#. ≈≈..)#....#
#.......####...##<


You could see a vampire.

Vanquished Creatures
  Joseph (D:9)
  Maggie (D:9)
  A shadow (D:9)
  3 wyverns
  A vampire (D:9)
  10 yaks
  Eustachio (D:4)
  2 acid dragons
  A water moccasin (D:8)
  An orc warrior (D:7)
  2 sky beasts
  A black bear (D:6)
  2 ogres (D:7)
  4 centaurs
  8 kobold brigands
  3 bullfrogs
  3 necrophages
  A gnoll sergeant (D:9)
  2 scorpions
  5 wights (D:7)
  8 killer bees
  A jelly (D:7)
  A gnoll bouda (D:9)
  8 orc wizards
  Ijyb (D:3)
  3 iguanas
  8 gnolls (D:9)
  4 adders
  A shadow imp (D:6)
  2 white imps (D:7)
  7 worms
  4 dart slugs
  29 orcs
  9 bats
  9 endoplasms
  5 giant cockroaches
  8 goblins
  9 hobgoblins
  5 quokkas
  12 ball pythons
  4 frilled lizards
  25 kobolds
  10 rats
226 creatures vanquished.

Vanquished Creatures (others)
  Erolcha (D:9)
1 creature vanquished.

Grand Total: 227 creatures vanquished

Notes
Turn   | Place    | Note
-------+----------+-------------------------------------------
     0 | D:1      | Bnni the Formicid Hunter began the quest for the Orb.
     0 | D:1      | Reached XP level 1. HP: 16/16 MP: 1/1
    93 | D:1      | You fall into a shaft and drop 1 floor!
   116 | D:2      | Reached XP level 2. HP: 19/23 MP: 2/2
   227 | D:1      | Reached skill level 1 in Armour
   245 | D:1      | Reached XP level 3. HP: 28/28 MP: 3/3
   995 | D:2      | Reached XP level 4. HP: 34/34 MP: 4/4
  1731 | D:3      | Identified the +5 sling of Descent {flame, Dex+2}
  1924 | D:3      | Reached skill level 5 in Ranged Weapons
  1943 | D:3      | Found a faded altar of an unknown god.
  1989 | D:3      | Noticed Ijyb
  1994 | D:3      | Killed Ijyb
  1995 | D:3      | Reached XP level 5. HP: 35/41 MP: 5/5
  2063 | D:3      | Found Kubbocem's Assorted Antiques.
  2453 | D:3      | Bought a scroll labelled WYIPPOTTEK for 20 gold pieces
  2453 | D:3      | Bought a brown potion for 18 gold pieces
  2453 | D:3      | Bought a glowing purple potion for 18 gold pieces
  2580 | D:4      | Found a glowing drain.
  2589 | Sewer    | Entered a sewer
  2609 | Sewer    | Noticed a kobold brigand
  2613 | Sewer    | Killed a kobold brigand
  2614 | Sewer    | Reached XP level 6. HP: 41/48 MP: 6/6
  2893 | Sewer    | Reached skill level 6 in Ranged Weapons
  3076 | Sewer    | Reached XP level 7. HP: 54/54 MP: 7/7
  3411 | D:4      | Noticed Eustachio
  3425 | D:4      | Killed Eustachio
  3426 | D:4      | Reached skill level 7 in Ranged Weapons
  3469 | D:4      | Found a white marble altar of Elyvilon.
  3506 | D:4      | Identified the +10 whip "Quojaor" {pain, rPois rC+ rN+
                  | Dex+2}
  3815 | D:4      | Found a staircase to the Ecumenical Temple.
  3822 | Temple   | Entered the Ecumenical Temple
  4036 | Temple   | Became a worshipper of Warmaster Okawaru
  4498 | D:5      | Entered Level 5 of the Dungeon
  4620 | D:5      | Reached skill level 5 in Fighting
  4620 | D:5      | Reached skill level 1 in Invocations
  4620 | D:5      | Reached XP level 8. HP: 62/62 MP: 8/8
  5492 | D:6      | Found a sacrificial altar of Ru.
  5493 | D:6      | Found a sparkling altar of Nemelex Xobeh.
  5689 | D:6      | Reached skill level 8 in Ranged Weapons
  5739 | D:6      | Reached * piety under Okawaru
  5878 | D:6      | Reached XP level 9. HP: 69/69 MP: 11/11
  6311 | D:7      | Reached skill level 9 in Ranged Weapons
  6327 | D:7      | Reached ** piety under Okawaru
  6358 | D:7      | Reached skill level 5 in Invocations
  6383 | D:7      | Found Japoewka's Antique Armour Shoppe.
  6386 | D:7      | Bought a pair of transparent boots for 323 gold pieces
  6386 | D:7      | Identified the +0 pair of boots of Perpetual Drought {rF+
                  | rCorr Int+3 Dex+2} (You bought it in a shop on level 7 of
                  | the Dungeon)
  7132 | D:8      | Reached skill level 10 in Ranged Weapons
  7145 | D:8      | Reached *** piety under Okawaru
  7146 | D:8      | Reached XP level 10. HP: 7/79 MP: 12/14
  7552 | D:8      | Found a glowing silver altar of Zin.
  7813 | D:9      | Found a staircase to the Lair.
  7860 | D:9      | Reached **** piety under Okawaru
  7861 | D:9      | Reached skill level 11 in Ranged Weapons
  7862 | D:9      | Found an ornate altar of the Wu Jian Council.
  7977 | D:9      | Identified the ring "Igeof" {Ice Str+5 Dex+2}
  8217 | D:9      | Noticed Joseph
  8228 | D:9      | Killed Joseph
  8403 | D:9      | Noticed Maggie
  8405 | D:9      | Noticed Erolcha
  8414 | D:9      | Killed Maggie
  8420 | D:9      | Killed Erolcha
  8421 | D:9      | Reached skill level 5 in Armour
  8521 | D:9      | Reached ***** piety under Okawaru
  8522 | D:9      | Reached XP level 11. HP: 87/87 MP: 16/16
  8614 | D:9      | Found a shadowy altar of Dithmenos.
  8614 | D:9      | Found a shimmering altar of Xom.
  8787 | D:9      | Reached skill level 12 in Ranged Weapons
  8797 | D:9      | Received a gift from Okawaru
  9070 | D:10     | Entered Level 10 of the Dungeon
  9099 | D:9      | HP: 3/89 [vampire (10)]
  9099 | D:9      | Mangled by a vampire

Illustrated notes

Levels and vault maps discovered:
D:1:      tarquinn_simple_flora_water_d, layout_basic, serial_rivers,
          chequers_serial_rivers_micro_d, chequers_serial_rivers_small_3,
          chequers_serial_rivers_small_3, chequers_serial_rivers_marsh,
          chequers_serial_rivers_small_3, minmay_misc_feat_columns,
          chequers_serial_rivers_micro_d
D:2:      layout_loops_ring
D:3:      minmay_razor_zed, layout_basic, serial_shops,
          nicolae_shop_overgrown_old_shop, ebering_ecumenical_altar_mist,
          uniq_ijyb
D:4:      layout_basic, mainiacjoe_overflow_alcove_4,
          minmay_temple_entry_enclosed_plants, portal_sewer_entry_d,
          uniq_eustachio
D:5:      layout_loops_ring, chequers_hall_statues_corner_a
D:6:      layout_basic, nicolae_overflow_squiral
D:7:      layout_loops_ring, serial_shops, shop, nicolae_underground_beach
D:8:      layout_gridville, lemuel_doored_altar
D:9:      layout_roguey, nicolae_wu_jian_wuxing_cycle,
          gammafunk_temple_overflow_statue, dpeg_oklobed_lair,
          serial_corexii_hall, corexii_hall_statues_l, corexii_hall_statues_l,
          chequers_hall_statues_corner_a, uniq_erolcha, uniq_maggie, uniq_joseph
D:10:     layout_roguey, lemuel_tele_altar
Temple:   eino_narrow_crystal_temple

Skill      XL: |  1  2  3  4  5  6  7  8  9 10 11 |
---------------+----------------------------------+-----
Armour         | 1 2 3 4 5 |  5.0
Fighting       | 3 4 5 6 7 8 9 |  9.3
Ranged Weapons | 5 6 7 8 10 11 12 | 12.2
Invocations    | 1 3 6 7 8 |  8.4
Dodging        | |  1.7
Stealth        | |  1.8

Action                     |  1- 3 |  4- 6 |  7- 9 | 10-12 || total
---------------------------+-------+-------+-------+-------++-------
   Fire: Shortbow          |    67 |    17 |       |       ||    84
         Sling             |       |    77 |   256 |   235 ||   568
  Throw: Dart              |       |       |     1 |     3 ||     4
         Throwing net      |       |       |       |     1 ||     1
 Invoke: Heroism           |       |       |     1 |       ||     1
  Evoke: Wand              |       |     1 |       |       ||     1
    Use: Scroll            |       |       |    10 |     5 ||    15
 Armour: Leather armour    |    12 |     2 |    12 |       ||    26
         Acid dragon scale |       |       |       |    10 ||    10
         Swamp dragon scal |       |       |       |    37 ||    37
  Dodge: Dodged            |    19 |    19 |    51 |    64 ||   153
  Block: Buckler           |       |       |       |    12 ||    12

Table legend: (Time is in decaauts)
 A = Elapsed time spent in this place.
 B = Non-inter-level travel time spent in this place.
 C = Inter-level travel time spent in this place.
 D = Time resting spent in this place.
 E = Time spent auto-exploring this place.
 F = Levels seen in this place.
 G = Mean time per level.
                   A        B        C        D        E       F      G
               +--------+--------+--------+--------+--------+-----+--------+
         Total |   9283 |   8866 |    417 |    215 |   7377 |  12 |  773.6 |
       Dungeon |   8083 |   7705 |    378 |    215 |   6371 |  10 |  808.3 |
        Temple |    229 |    190 |     39 |      0 |    182 |   1 |  229.0 |
         Sewer |    970 |    970 |      0 |      0 |    824 |   1 |  970.0 |
               +--------+--------+--------+--------+--------+-----+--------+

Top non-repeatable levels by time:
     D:9: 1286 daAuts
     D:3: 1034 daAuts
     D:4: 975 daAuts
     D:7: 970 daAuts
   Sewer: 970 daAuts
     D:5: 893 daAuts
     D:1: 805 daAuts
     D:6: 728 daAuts
     D:2: 698 daAuts
     D:8: 686 daAuts
  Temple: 229 daAuts
    D:10: 5 daAuts
